 Dungeon Crawl Stone Soup version 0.30-a0-808-g6e0788376e (webtiles) character file.

Game seed: 2421393926811387011

41 cforsyth the Sneak (level 3, -1/22 HPs)
             Began as a Kobold Brigand on Feb 26, 2023.
             Slain by an orc
             ... wielding a +0 falchion
              (2 damage)
             ... on level 3 of the Dungeon.
             The game lasted 00:01:27 (1933 turns).

cforsyth the Sneak (Kobold Brigand)                 Turns: 1933, Time: 00:01:28

Health: -1/22      AC:  5    Str:  8    XL:     3   Next: 75%
Magic:  3/3        EV: 14    Int: 12    God:
Gold:   147        SH:  0    Dex: 18    Spells: 2/2 levels left

rFire   + . .      SeeInvis .    a - +2 dagger
rCold   . . .      Faith    .    (no shield)
rNeg    . . .      Spirit   .    m - +0 leather armour
rPois   .          Reflect  .    l - +0 helmet
rElec   .          Harm     .    c - +0 cloak
rCorr   .          Rampage  .    (no gloves)
Will    .....                    (no boots)
Stlth   ++++                     (no amulet)
HPRegen 0.23/turn                q - ring of protection from fire
MPRegen 0.08/turn                (no ring)

@: lethally poisoned (-1 -> -5)
A: small, no large weapons, nightstalker 3
a: no special abilities


You were on level 3 of the Dungeon.
You visited 1 branch of the dungeon, and saw 3 of its levels.

You collected 147 gold pieces.

Inventory:

Hand Weapons
 a - a +2 dagger (weapon)
Missiles
 d - 15 poisoned darts (quivered)
 e - 3 curare-tipped darts
 k - 3 atropa-tipped darts
Armour
 b - a +0 robe
 c - a +0 cloak (worn)
 l - a +0 helmet (worn)
 m - a +0 leather armour (worn)
Jewellery
 q - a ring of protection from fire (left hand)
Scrolls
 f - 4 scrolls of identify {unknown}
 g - 2 scrolls of teleportation {unknown}
 n - a scroll of blinking {unknown}
 o - a scroll of fear {unknown}
 r - a scroll of immolation {unknown}
Potions
 h - 2 potions of brilliance {unknown}
 i - 2 potions of heal wounds {unknown}
 j - a potion of magic {unknown}
 p - 2 potions of curing {unknown}


   Skills:
 + Level 2.7 Fighting
 + Level 3.4 Short Blades
 - Level 2.1 Throwing
 + Level 2.2 Dodging
 + Level 5.8 Stealth


You had 2 spell levels left.
You didn't know any spells.
Your spell library contained the following spells:

 Spells                   Type           Power      Damage    Failure   Level
 Summon Small Mammal      Summ           0%         N/A       43%         1
 Blink                    Tloc           0%         N/A       58%         2
 Call Canine Familiar     Summ           0%         N/A       82%         3
 Dazzling Flash           Conj/Hex       0%         N/A       82%         3
 Summon Guardian Golem    Hex/Summ       0%         N/A       82%         3
 Manifold Assault         Tloc           0%         N/A       99%         4
 Agony                    Necr           0%         N/A       100%        5
 Silence                  Hex/Air        0%         N/A       100%        5
 Storm Form               Tmut/Air       0%         N/A       100%        7


Dungeon Overview and Level Annotations

Branches:
Dungeon (3/15)

Altars:
Wu Jian

Shops:
D:3 ?


Innate Abilities, Weirdness & Mutations

You are small and have problems with some larger weapons.
You are completely attuned to the shadows.


Message History

A rat is nearby!
The rat bites you.
You hit the rat.
You kill the rat!
No target in view!
No target in view!
No target in view!
HP restored.
An orc comes into view. It is wielding a +0 flail.
Found a ring mail.
An orc is nearby!
An orc is nearby!
The orc shouts!
You hear a shout!
You hear an angry hiss.
An adder and an orc come into view.
Found 16 gold pieces.
The orc hits you with a +0 flail.
You closely miss the orc. You hit the orc.
The orc is almost dead.
An orc comes into view. It is wielding a +0 flail.
The orc closely misses you.
The orc throws a boomerang.
The boomerang closely misses you.
The adder hisses angrily.
You hit the orc.
You kill the orc!
The orc hits you with a +0 falchion.
You hit the adder.
The adder is heavily wounded.
The adder barely misses you. The orc hits you with a +0 falchion.
You barely miss the adder.
The adder is heavily wounded.
The adder closely misses you. The orc hits you but does no damage.
The orc barely misses you.
You hit the adder.
The adder is severely wounded.
The adder bites you but does no damage. The adder bites you.
You are poisoned.
The adder poisons you! The orc hits you with a +0 flail!
* * * LOW HITPOINT WARNING * * *
The orc hits you with a +0 falchion.
You die...

..# #..†..... #.#
#........
####.####.......
#.......'.......
#.#.##'####.......
#.#.#.....#..∩....
####.#.#.....########
.............#
...o@...†....#
...So........#
.............#
...#+######### .$.


You could see an adder and 2 orcs.

Vanquished Creatures
  2 worms
  An orc (D:3)
  3 bats
  3 endoplasms
  A giant cockroach (D:1)
  4 goblins (D:1)
  3 hobgoblins
  3 kobolds
  4 ball pythons
  4 frilled lizards
  4 rats
32 creatures vanquished.

Notes
Turn   | Place    | Note
-------+----------+-------------------------------------------
     0 | D:1      | cforsyth the Kobold Brigand began the quest for the Orb.
     0 | D:1      | Reached XP level 1. HP: 12/12 MP: 1/1
   167 | D:1      | Reached XP level 2. HP: 18/18 MP: 2/2
   524 | D:1      | You fall into a shaft and drop 1 floor!
   623 | D:2      | Reached XP level 3. HP: 22/22 MP: 3/3
   631 | D:2      | Found a faded altar of an unknown god.
  1433 | D:2      | Found an ornate altar of the Wu Jian Council.
  1891 | D:3      | Found Xakk's Magic Scroll Emporium.
  1933 | D:3      | HP: 1/22 [orc/+0 flail (9)]
  1933 | D:3      | Slain by an orc

Illustrated notes

Levels and vault maps discovered:
D:1:      spicycebolla_arrival_clurvy, layout_loops_ring,
          minmay_misc_feat_hallway, chequers_serial_rivers_marsh
D:2:      layout_basic, basic_altar, basic_ecumenical_altar
D:3:      layout_basic, serial_shops, shop, biasface_ghost_orc_armoury

Skill      XL: |  1  2 |
---------------+-------+-----
Short Blades   | 3 |  3.4
Dodging        | 2 |  2.2
Fighting       | |  2.7
Throwing       | |  2.1
Stealth        | |  5.8

Action                     || total
---------------------------++-------
  Melee: Dagger            ||    67
   Stab: Sleeping          ||    21
 Armour: Robe              ||     7
         Leather armour    ||     6
  Dodge: Dodged            ||    31

Table legend: (Time is in decaauts)
 A = Elapsed time spent in this place.
 B = Non-inter-level travel time spent in this place.
 C = Inter-level travel time spent in this place.
 D = Time resting spent in this place.
 E = Time spent auto-exploring this place.
 F = Levels seen in this place.
 G = Mean time per level.
                   A        B        C        D        E       F      G
               +--------+--------+--------+--------+--------+-----+--------+
         Total |   1929 |   1838 |     91 |      0 |   1597 |   3 |  643.0 |
       Dungeon |   1929 |   1838 |     91 |      0 |   1597 |   3 |  643.0 |
               +--------+--------+--------+--------+--------+-----+--------+

Top non-repeatable levels by time:
     D:2: 1093 daAuts
     D:1: 721 daAuts
     D:3: 115 daAuts
